 Dungeon Crawl Stone Soup version 0.21.1-1-g345015f (webtiles) character file.

1829 Fang the Chopper (level 9, -15/56 HPs)
             Began as a Gargoyle Berserker on July 23, 2018.
             Was an Elder of Trog.
             Demolished by Joseph
             ... wielding a +0 quarterstaff
              (18 damage)
             ... on level 6 of the Dungeon on July 24, 2018.
             The game lasted 00:09:28 (7534 turns).

Fang the Chopper (Gargoyle Berserker)               Turns: 7534, Time: 00:09:28

Health: -15/56     AC:  4    Str: 23    XL:     9   Next: 11%
Magic:  9/9        EV: 14    Int:  9    God:    Trog [****..]
Gold:   186        SH:  0    Dex:  9    Spells: 8/8 levels left

rFire    . . .     SeeInvis .   a - +1 hand axe
rCold    . . .     Gourm    .   (no shield)
rNeg     + . .     Faith    +   b - +0 animal skin
rPois    ∞         Spirit   .   (no helmet)
rElec    +         Reflect  .   (no cloak)
rCorr    .         Harm     .   (no gloves)
MR       .....                  (no boots)
Stlth    ++........             i - amulet of faith
HPRegen  0.18/turn              (no ring)
MPRegen  0.11/turn              (no ring)

@: corroded, berserk cooldown, slowed, very slow
A: negative energy resistance 1, electricity resistance, unbreathing,
petrification resistance, rot immunity, AC +6
a: Berserk, Trog's Hand, Brothers in Arms, Burn Spellbooks, Renounce Religion


You were on level 6 of the Dungeon.
You worshipped Trog.
Trog was greatly pleased with you.
You were hungry.

You visited 1 branch of the dungeon, and saw 7 of its levels.

You collected 186 gold pieces.

Inventory:

Hand Weapons
 a - a +1 hand axe (weapon)
Armour
 b - a +0 animal skin (worn)
Jewellery
 i - an amulet of faith (around neck)
 o - an uncursed amulet of harm {unknown}
Scrolls
 d - 4 scrolls of teleportation
 e - 3 scrolls of magic mapping
 g - a scroll of identify
 h - a scroll of enchant weapon
 p - 3 scrolls of remove curse
 s - a scroll of blinking {unknown}
Potions
 f - 2 potions of resistance
 j - 2 potions of heal wounds
 k - 2 potions of agility {unknown}
 l - 2 potions of invisibility
 m - 2 potions of might
 n - 3 potions of curing
 q - a potion of haste {unknown}
 r - a potion of magic {unknown}
 t - a potion of brilliance {unknown}
 u - a potion of berserk rage {unknown}
 v - a potion of flight {unknown}
 w - a potion of mutation {unknown}
Comestibles
 c - 7 rations


   Skills:
 + Level 6.4 Fighting
 + Level 7.7 Axes
 + Level 2.4 Armour
 + Level 5.1 Dodging
 + Level 2.8 Stealth


You had 8 spell levels left.
You didn't know any spells.

Dungeon Overview and Level Annotations

Branches:
Dungeon (7/15)
 Temple: D:4-7

Altars:
Cheibriados
Kikubaaqudgha
Makhleb
Nemelex Xobeh
Wu Jian

Annotations:
D:6 Joseph


Innate Abilities, Weirdness & Mutations

You are resistant to torment.
Your stone body is resilient. (AC +6)
You are immune to poison.
You resist negative energy. (rN+)
You are resistant to electric shocks. (rElec)
You can survive without breathing.
You are immune to petrification.
You are immune to rotting.


Message History

Joseph is lightly wounded.
Joseph zaps a wand.
The bolt of acid hits you!
* * * LOW HITPOINT WARNING * * *
The acid corrodes you!
You are splashed with acid!
The acid burns!
* * * LOW HITPOINT WARNING * * *
You closely miss Joseph.
Joseph is lightly wounded.
Joseph zaps a wand.
The bolt of acid misses you.
You barely miss Joseph.
Joseph is lightly wounded.
You are no longer berserk.
You are exhausted.
You feel yourself slow down.
You closely miss Joseph.
Joseph is lightly wounded.
Joseph barely misses you. Joseph misses you.
You hit Joseph.
Joseph is lightly wounded.
Joseph hits you with an uncursed quarterstaff!!
You die...

########............(...>.......#
...................#.#........#.#
......#####.....)#.#.............
......# #.....))...#...........
......##########(#.#.#.#####.....
#.##.............#.#.#.#.......#.
#.##............(#.#.#.###..)..#.
#.##............@#.#...# #.....#.
..............)>@....#.# #.....#.
..............)(##.#.#####.....#.
.......<........##.#<#...........
......############.#.............
......# #.#............. ......#
###### #.#.#.###....... ....###
#....# #.#.#...#....... ......#
#....# #.#.#.#.#..####. ......#
#....# #.#...#.#.......


You could see Joseph.

Vanquished Creatures
  The ghost of Tsarbomb the Chopper, an amateur HOMo of Okawaru (D:5)
  2 ice beasts
  2 sky beasts (D:6)
  A phantom (D:4)
  2 ogres (D:6)
  2 centaurs (D:6)
  2 bullfrogs (D:6)
  2 howler monkeys
  2 crimson imps
  2 hounds
  A centaur skeleton (D:6)
  2 jellies
  An iguana (D:6)
  Terence (D:2)
  2 orc wizards (D:6)
  4 worker ants
  A worker ant zombie (D:5)
  9 adders
  A shadow imp (D:6)
  An ooze (D:2)
  An adder skeleton (D:4)
  An adder zombie (D:5)
  A worm (D:4)
  4 dart slugs
  9 leopard geckos
  7 orcs
  5 ball pythons
  8 bats
  A giant cockroach (D:1)
  9 hobgoblins
  17 jackals
  8 kobolds
  4 frilled lizards
  7 goblins
  5 rats
128 creatures vanquished.

Vanquished Creatures (others)
  A jackal (D:7)
1 creature vanquished.

Grand Total: 129 creatures vanquished

Notes
Turn   | Place    | Note
-------+----------+-------------------------------------------
     0 | D:1      | Fang the Gargoyle Berserker began the quest for the Orb.
     0 | D:1      | Reached XP level 1. HP: 14/14 MP: 1/1
   111 | D:1      | Reached XP level 2. HP: 15/19 MP: 2/2
   112 | D:1      | Reached skill level 3 in Axes
   558 | D:1      | Reached XP level 3. HP: 22/24 MP: 3/3
  1151 | D:2      | Reached ** piety under Trog
  1181 | D:2      | Found a faded altar of an unknown god.
  1264 | D:2      | Reached XP level 4. HP: 22/29 MP: 4/4
  1389 | D:2      | Found a snail-covered altar of Cheibriados.
  1533 | D:2      | Found an ornate altar of the Wu Jian Council.
  1679 | D:2      | Noticed Terence
  1695 | D:2      | Killed Terence
  2230 | D:3      | Reached XP level 5. HP: 28/33 MP: 5/5
  2322 | D:3      | Reached *** piety under Trog
  2556 | D:3      | Found a sparkling altar of Nemelex Xobeh.
  2649 | D:4      | Reached skill level 4 in Axes
  2692 | D:4      | Noticed a phantom
  3486 | D:4      | Killed a phantom
  3486 | D:4      | Reached skill level 1 in Stealth
  3486 | D:4      | Reached XP level 6. HP: 39/39 MP: 6/6
  3901 | D:4      | Found an ancient bone altar of Kikubaaqudgha.
  4007 | D:4      | Found a burning altar of Makhleb.
  4334 | D:5      | Entered Level 5 of the Dungeon
  4494 | D:5      | Reached skill level 5 in Fighting
  4846 | D:5      | Noticed Tsarbomb's ghost (amateur HOMo)
  4939 | D:6      | Noticed a sky beast
  4953 | D:5      | Reached skill level 5 in Axes
  4953 | D:5      | Reached XP level 7. HP: 35/44 MP: 7/7
  4960 | D:5      | Killed Tsarbomb's ghost
  5618 | D:6      | HP: 3/66 [ogre/giant club (9)]
  5620 | D:6      | Reached skill level 6 in Axes
  5620 | D:6      | Reached XP level 8. HP: 3/51 MP: 8/8
  6248 | D:6      | Reached **** piety under Trog
  6352 | D:6      | Reached skill level 7 in Axes
  6418 | D:6      | Found Ulexzonu's General Store.
  6783 | D:6      | Reached skill level 5 in Dodging
  6783 | D:6      | Reached XP level 9. HP: 54/55 MP: 9/9
  7201 | D:7      | Noticed Joseph
  7530 | D:6      | HP: 2/84 [acid (16)]
  7534 | D:6      | Demolished by Joseph

Skill      XL: |  1  2  3  4  5  6  7  8 |
---------------+-------------------------+-----
Axes           | 3 4 5 6 7 |  7.7
Fighting       | 4 5 6 |  6.4
Dodging        | 2 3 4 5 |  5.1
Stealth        | 1 2 |  2.8
Armour         | |  2.4

Action                   |  1- 3 |  4- 6 |  7- 9 || total
-------------------------+-------+-------+-------++-------
Melee: Hand axe          |   134 |   289 |   208 ||   631
Invok: Berserk           |     1 |     6 |     8 ||    15
  Use: Scroll            |       |     1 |    11 ||    12
       Potion            |       |       |     1 ||     1
 Stab: Sleeping          |     1 |       |     3 ||     4
  Eat: Chunk             |     1 |     6 |    10 ||    17
       Ration            |       |     4 |     1 ||     5
Armor: Animal skin       |    58 |    98 |    84 ||   240
Dodge: Dodged            |   102 |   186 |   150 ||   438
